Map: Frozen Temple

Players

Cyan - Winner!

  • Race: Protoss Protoss

Nerchio

  • Race: Zerg Zerg

Event: IEM Season 11 - Shanghai

VOD

https://youtu.be/zQ0_U7bVIvc?t=23m59s

Description

Time

  • Played on: July 28, 2016, 10:01 a.m.
  • Length: 12:16

All games in this series

Show
View Real Time Build Order
Export as new Build Order

Cyan Protoss - Winner!

Build Orders: 1 Gate Expand, Zealot Archon, Dark Templar Rush 

Get SALT Encoding   

  12  0:00  Probe (Chrono Boost)  
  13  0:11  Probe (Chrono Boost)  
  14  0:18  Pylon  
  14  0:22  Probe (Chrono Boost)  
  15  0:36  Probe (Chrono Boost)  
  15  0:39  Gateway  
  16  0:44  Assimilator  
  16  0:47  Probe (Chrono Boost)  
  17  0:57  Probe (Chrono Boost)  
  18  1:08  Probe (Chrono Boost)  
  19  1:19  Nexus  
  19  1:24  Probe (Chrono Boost)  
  20  1:33  Cybernetics Core  
  20  1:36  Probe (Chrono Boost)  
  21  1:43  Assimilator  
  21  1:46  Probe (Chrono Boost)  
  22  1:50  Pylon  
  22  1:57  Probe (Chrono Boost)  
  23  2:06  Adept  
  24  2:10  Probe (Chrono Boost), Warp Gate  
  26  2:22  Probe (Chrono Boost)  
  27  2:24  Twilight Council  
  27  2:29  Stalker  
  27  2:31  Probe (Chrono Boost)  
  27  2:34  Probe (Chrono Boost)  
  31  2:42  Probe (Chrono Boost)  
  32  2:46  Probe (Chrono Boost)  
  33  2:52  Probe (Chrono Boost)  
  33  2:57  Probe (Chrono Boost)  
  35  3:02  Dark Shrine  
  35  3:03  Probe (Chrono Boost)  
  36  3:05  Adept  
  36  3:07  Probe (Chrono Boost)  
  39  3:14  Probe (Chrono Boost)  
  39  3:18  Probe (Chrono Boost)  
  41  3:20  Gateway  
  41  3:24  Probe (Chrono Boost)  
  41  3:26  Gateway  
  42  3:28  Probe (Chrono Boost)  
  42  3:32  Pylon  
  43  3:35  Probe (Chrono Boost)  
  43  3:39  Probe (Chrono Boost), Resonating Glaives  
  45  3:45  Probe (Chrono Boost)  
  46  3:52  Probe (Chrono Boost), Assimilator  
  46  3:54  Assimilator  
  47  3:55  Pylon  
  47  3:56  Probe (Chrono Boost)  
  49  4:04  Probe (Chrono Boost)  
  49  4:09  Probe (Chrono Boost)  
  50  4:15  Nexus  
  50  4:16  Probe (Chrono Boost)  
  51  4:19  Dark Templar  
  51  4:21  Dark Templar  
  51  4:23  Probe (Chrono Boost)  
  56  4:28  Dark Templar  
  59  4:31  Probe (Chrono Boost)  
  59  4:32  Pylon  
  59  4:38  Probe (Chrono Boost)  
  60  4:40  Pylon  
  60  4:43  Probe (Chrono Boost), Pylon  
  61  4:48  Probe (Chrono Boost)  
  62  4:59  Adept x2, Mothership Core (Chrono Boost)  
  69  5:00  Probe (Chrono Boost), Pylon  
  69  5:12  Probe (Chrono Boost)  
  69  5:14  Sentry, Robotics Facility  
  68  5:15  Pylon  
  68  5:17  Probe (Chrono Boost)  
  71  5:24  Probe (Chrono Boost), Sentry, Archon  
  71  5:25  Sentry  
  71  5:27  Blink  
  71  5:28  Probe (Chrono Boost)  
  73  5:29  Probe (Chrono Boost)  
  73  5:30  Forge  
  73  5:31  Gateway  
  73  5:35  Pylon  
  75  5:36  Probe (Chrono Boost)  
  75  5:38  Probe (Chrono Boost)  
  75  5:40  Probe (Chrono Boost)  
  75  5:41  Sentry  
  79  5:48  Probe (Chrono Boost)  
  79  5:49  Probe (Chrono Boost), Protoss Ground Weapons Level 1  
  81  5:50  Probe (Chrono Boost)  
  81  5:52  Pylon  
  82  5:59  Gateway x2  
  82  6:00  Probe (Chrono Boost)  
  82  6:01  Pylon  
  82  6:03  Immortal  
  83  6:11  Probe (Chrono Boost)  
  89  6:12  Probe (Chrono Boost)  
  89  6:14  Assimilator  
  89  6:15  Assimilator  
  89  6:25  Gateway, Pylon  
  89  6:26  Gateway  
  89  6:28  Pylon  
  89  6:30  Probe x2 (Chrono Boost)  
  91  6:33  Sentry  
  91  6:37  Stalker, Robotics Bay  
  91  6:39  Stalker  
  97  6:42  Immortal, Stalker  
  103  6:56  Pylon  
  103  7:05  Photon Cannon  
  103  7:07  Stalker  
  103  7:08  Probe x3 (Chrono Boost), Stalker  
  110  7:16  Warp Prism  
  110  7:18  Photon Cannon  
  110  7:19  Pylon  
  110  7:20  Stalker x2  
  110  7:21  Stalker  
  118  7:25  Stalker  
  118  7:28  Adept x2  
  118  7:29  Protoss Ground Weapons Level 2  
  120  7:39  Adept x2  
  124  7:44  Adept x2  
  128  7:51  Pylon  
  128  7:52  Pylon  
  128  7:55  Pylon  
  128  8:01  Adept x5  
  128  8:02  Disruptor  
  137  8:24  Robotics Facility  
  137  8:26  Photon Cannon  
  137  8:29  Stalker x2  
  137  8:31  Charge  
  137  8:32  Pylon  
  127  8:38  Dark Templar  
  127  8:39  Dark Templar  
  131  8:42  Nexus  
  131  8:43  Disruptor  
  131  8:45  Adept  
  131  8:46  Adept, Pylon  
  131  8:47  Pylon  
  138  8:51  Stalker  
  138  8:52  Sentry  
  142  8:58  Pylon  
  142  9:05  Stalker x2  
  142  9:08  Disruptor  
  142  9:09  Photon Cannon  
  146  9:11  Photon Cannon  
  145  9:27  Stalker x5  
  155  9:34  Stalker x2  
  159  9:41  Disruptor  
  162  9:57  Stalker x2  
  162  9:58  Stalker x5  
  176  10:03  Assimilator  
  176  10:04  Disruptor  
  176  10:05  Assimilator  
  179  10:14  Observer  
  179  10:19  Adept  
  182  10:30  Disruptor  
  182  10:33  Adept x2  
  182  10:34  Adept x4  
  191  10:37  Observer  
  193  10:49  Adept x2  
  191  10:56  Observer  
  191  10:59  Adept x4  
  200  11:10  Zealot  
  180  11:25  Zealot x5  
  180  11:26  Zealot  
  180  11:29  Zealot  
  180  11:32  Zealot  
  194  11:38  Zealot  
  153  12:02  Zealot x4  
  153  12:03  Zealot x4  
Show
View Real Time Build Order
Export as new Build Order

Nerchio Zerg 

Build Orders: Hatch First, Lurkers 

Get SALT Encoding   

  12  0:00  Drone  
  13  0:12  Overlord  
  13  0:17  Drone  
  14  0:30  Drone x2  
  14  0:34  Drone  
  17  0:53  Hatchery  
  17  0:55  Drone  
  17  0:59  Drone  
  18  1:05  Extractor  
  17  1:14  Spawning Pool  
  17  1:17  Drone  
  17  1:21  Drone  
  18  1:28  Drone  
  19  1:38  Overlord  
  19  1:49  Drone  
  20  2:00  Queen  
  22  2:05  Queen  
  22  2:07  Metabolic Boost, Zergling x2  
  25  2:10  Drone  
  25  2:14  Drone  
  27  2:20  Zergling x2  
  29  2:22  Drone  
  29  2:26  Drone  
  30  2:39  Hatchery  
  30  2:40  Drone  
  30  2:43  Drone  
  31  2:45  Drone  
  32  2:52  Queen  
  32  2:57  Overlord  
  34  3:00  Drone  
  34  3:03  Zergling x2  
  36  3:15  Drone  
  36  3:16  Drone x5  
  42  3:22  Roach Warren  
  42  3:23  Drone  
  42  3:31  Roach Warren  
  42  3:32  Drone  
  42  3:34  Drone  
  43  3:36  Drone  
  43  3:39  Overlord  
  44  3:46  Overlord  
  44  3:53  Lair  
  44  3:54  Overlord  
  44  3:56  Drone x2  
  44  3:59  Overlord  
  46  4:08  Drone x3  
  49  4:13  Roach x2  
  49  4:14  Roach x2  
  57  4:24  Roach  
  57  4:29  Spore Crawler  
  57  4:34  Drone x2  
  57  4:35  Drone x2  
  57  4:37  Spore Crawler  
  57  4:38  Spore Crawler, Zergling x10  
  59  4:41  Zergling x2  
  59  4:44  Zergling x4  
  63  4:53  Overseer  
  63  4:57  Zergling x6  
  65  5:05  Drone x7  
  71  5:07  Drone  
  71  5:08  Drone  
  71  5:15  Drone  
  71  5:20  Drone x2  
  73  5:26  Drone  
  72  5:30  Overlord  
  72  5:32  Evolution Chamber, Drone  
  72  5:38  Drone, Overlord  
  72  5:41  Overlord  
  73  5:43  Hydralisk Den  
  73  5:44  Extractor  
  73  5:45  Drone x2  
  73  5:49  Drone x4  
  77  5:50  Drone  
  77  5:52  Extractor  
  77  5:57  Drone x2  
  77  5:58  Drone  
  77  6:01  Drone  
  77  6:02  Drone x2  
  83  6:06  Overseer  
  83  6:09  Drone  
  83  6:10  Drone x3  
  87  6:11  Drone  
  87  6:12  Extractor  
  87  6:13  Drone  
  87  6:15  Extractor, Hatchery  
  87  6:17  Zerg Melee Weapons Level 1  
  86  6:22  Overseer  
  86  6:24  Overlord  
  86  6:26  Drone x4  
  86  6:30  Overlord x2  
  86  6:31  Extractor  
  89  6:35  Drone x2  
  89  6:37  Overlord  
  92  6:40  Drone x3  
  92  6:45  Hydralisk  
  92  6:46  Muscular Augments  
  96  6:48  Overlord  
  96  6:52  Hydralisk x2  
  100  6:55  Hydralisk  
  100  6:58  Hydralisk  
  104  7:02  Drone x4  
  104  7:06  Pneumatized Carapace  
  108  7:10  Overlord  
  108  7:13  Hydralisk x2  
  108  7:15  Overlord  
  112  7:18  Hydralisk  
  112  7:19  Hydralisk  
  112  7:21  Zergling x6  
  119  7:25  Zergling x2  
  119  7:26  Zergling x4  
  119  7:27  Zergling x4  
  124  7:31  Zergling x8  
  124  7:34  Hydralisk  
  129  7:40  Ravager x3  
  129  7:42  Zergling x10  
  135  7:45  Overlord x2  
  135  7:48  Overlord x2  
  126  8:00  Zergling x2  
  126  8:01  Zergling x2  
  126  8:03  Hydralisk x5  
  129  8:07  Hydralisk x2  
  129  8:10  Hydralisk  
  135  8:15  Lurker Den  
  136  8:20  Zergling x4  
  136  8:25  Zergling x2  
  138  8:27  Hatchery  
  138  8:30  Zergling x2  
  137  8:35  Overlord x3  
  137  8:36  Overlord x3  
  137  8:39  Zerg Melee Weapons Level 2  
  137  8:41  Overlord  
  137  8:50  Overlord  
  137  8:57  Zergling x14  
  142  9:03  Hatchery  
  142  9:04  Zergling x6  
  142  9:05  Zergling x8  
  142  9:08  Zergling x2  
  149  9:10  Overseer  
  149  9:11  Zergling x6  
  145  9:24  Zergling x8  
  145  9:27  Hydralisk  
  145  9:29  Spore Crawler  
  149  9:31  Spine Crawler  
  149  9:32  Hydralisk  
  149  9:33  Hydralisk x3  
  149  9:38  Hydralisk x2  
  155  9:40  Zergling x4  
  155  9:43  Lurker  
  155  9:44  Lurker  
  155  9:45  Lurker x2  
  164  9:48  Lurker  
  165  9:55  Zergling x12  
  165  9:56  Zergling x2  
  165  9:57  Zergling x2  
  165  9:58  Zergling x2  
  174  10:02  Zergling x2  
  174  10:03  Zergling x2  
  174  10:06  Lurker  
  177  10:08  Lurker x2  
  177  10:20  Lurker  
  177  10:21  Lurker x5  
  175  10:22  Zergling x2  
  175  10:23  Zergling x12  
  175  10:25  Zergling x4  
  175  10:26  Zergling x2  
  182  10:28  Overseer  
  182  10:29  Zergling x2  
  182  10:30  Zergling x2  
  184  10:36  Zergling x8  
  184  10:37  Zergling x4  
  188  10:46  Zergling x12  
  187  10:54  Hydralisk x3  
  190  10:57  Hydralisk  
  190  10:58  Hydralisk x2  
  190  10:59  Hydralisk  
  198  11:07  Infestation Pit  
  196  11:16  Zergling x6  
  198  11:20  Hydralisk x6  
  198  11:25  Hydralisk  
  189  11:27  Hydralisk x2  
  189  11:29  Hydralisk x2  
  187  11:34  Overseer  
  187  11:36  Zergling x2  
  187  11:37  Zergling x8  
  187  11:39  Zergling x4  
  189  11:40  Zergling x2  
  189  11:41  Zergling x2  
  189  11:42  Zergling x2  
  189  11:46  Hydralisk  

Tags
 
Add a new tag
Caveats
  • Supply blocks, unpowered buildings, or Contaminate may cause inaccurate times.
  • Supply counts are checked every 10 seconds.